 Dungeon Crawl Stone Soup version 0.27.1-34-g3ba077fa99 (webtiles) character file.

Game seed: 10149170918870499515

36 hellfireifrit the Magician (level 3, 0/25 HPs)
             Began as a Djinni Fire Elementalist on Jan 18, 2022.
             Was a Follower of Makhleb.
             Frozen to death by an endoplasm (4 damage)
             ... on level 2 of the Dungeon.
             The game lasted 00:12:49 (2030 turns).

hellfireifrit the Magician (DjFE)                   Turns: 2030, Time: 00:12:49

Health: 0/25       AC:  2    Str:  7    XL:     3   Next: 57%
Gold:   66         EV: 12    Int: 17    God:    Makhleb [*.....] SH:  0 Dex: 13

rFire    + + .     SeeInvis .   (no weapon)
rCold    x . .     Faith    .   (no shield)
rNeg     . . .     Spirit   .   a - +0 robe
rPois    ∞         Reflect  .   (no helmet)
rElec    .         Harm     .   (no cloak)
rCorr    .         Rampage  .   (no gloves)
Will     .....                  (boots unavailable)
Stlth    ++........             (no amulet)
HPRegen  0.08/turn              (no ring)
MPRegen  0.00/turn              (no ring)

@: flying
A: sickness immunity, fire resistance 2, cold vulnerability 1, float, innate
caster, hp casting, extra vitality 1
a: Renounce Religion


You were on level 2 of the Dungeon.
You worshipped Makhleb.
Makhleb was aware of your devotion.
You visited 1 branch of the dungeon, and saw 2 of its levels.

You collected 66 gold pieces.

Inventory:

Hand Weapons
 d - a +0 mace
 e - a +0 whip
 f - a +0 club
 h - a +0 whip
 j - a +0 club
Missiles
 c - 37 bolts
Armour
 a - a +0 robe (worn)
 i - a +0 robe
Jewellery
 k - an amulet of faith
Scrolls
 l - a scroll of fog {unknown}
 m - a scroll of teleportation
 n - a scroll of vulnerability {unknown}
Potions
 b - 2 potions of haste {unknown}
 g - a potion of lignification {unknown}


   Skills:
 + Level 0.1 Fighting
 + Level 2.3 Dodging
 + Level 1.7 Stealth
 * Level 3.2 Spellcasting


You couldn't memorise any spells.
You knew the following spells:

 Your Spells              Type           Power      Damage    Failure   Level
a - Foxfire               Conj/Fire      52%        2x1d6     4%          1
b - Conjure Flame         Conj/Fire      13%        6-21      13%         3
c - Inner Flame           Hex/Fire       13%        N/A       13%         3
d - Sticky Flame          Conj/Fire      13%        2d4       41%         4
e - Fireball              Conj/Fire      6%         3d5       77%         5
f - Beastly Appendage     Tmut           26%        N/A       4%          1
Your spell library was empty.

Dungeon Overview and Level Annotations

Branches:
Dungeon (2/15)

Altars:
Makhleb

Shops:
D:1 !(::


Innate Abilities, Weirdness & Mutations

You are immune to sickness and miasma.
You are immune to poison.
Your flesh is very heat resistant. (rF++)
You are vulnerable to cold. (rC-)
You float through the air rather than walking.
You learn spells naturally, not from books.
Your magical power is your life essence.
You have superior vitality. (+4 HP)


Message History

Your horns disappear.
You start resting.
HP restored.
You see here an adder corpse.
An endoplasm comes into view.
Casting: Foxfire (safe; 4% risk of failure)
Confirm with . or Enter, or press ? or * to list all spells.
You conjure some foxfire!
Your foxfire dissipates!
Casting: Foxfire (safe; 4% risk of failure)
Confirm with . or Enter, or press ? or * to list all spells.
You grow a pair of large bovine horns.
The endoplasm quivers.
The endoplasm freezes you.
You are frozen.
You feel a terrible chill!
You hit the endoplasm but do no damage.
You headbutt the endoplasm, but do no damage.
The endoplasm hits you.
You hit the endoplasm but do no damage. The endoplasm freezes you.
You are frozen!
You feel a terrible chill!
You hit the endoplasm but do no damage. The endoplasm barely misses you.
Casting: Beastly Appendage (safe; 4% risk of failure)
Confirm with . or Enter, or press ? or * to list all spells.
You conjure some foxfire!
The endoplasm freezes you.
You are frozen!
You feel a terrible chill!
* * * LOW HITPOINT WARNING * * *
Your foxfire dissipates!
Your transformation is almost over.
Casting: Foxfire (safe; 4% risk of failure)
Confirm with . or Enter, or press ? or * to list all spells.
You conjure some foxfire!
* * * LOW HITPOINT WARNING * * *
Your foxfire dissipates!
The foxfire hits the endoplasm but does no damage.
Your horns disappear.
The endoplasm freezes you.
You are frozen.
You feel a terrible chill!
You die...

..#...# .# ..#...# .#
#..#...##.# ..........
########## .........##
### ##........#
..>#......# #.#
#.####.#### .###.##...##
##.## ##...##.# .# #.#..#
#...# #.......# ##
####.##.###.#@###.##.####
###....##..#..#.J#..##.#
##.......##...###...###.#
.......####...# #...# #.#
÷...#### ##.## ##.## #.#
..### ### ### #.# ### #.#
# #.# #.#


You could see an endoplasm.

Vanquished Creatures
  2 adders (D:2)
  A giant cockroach (D:2)
  3 goblins
  A hobgoblin (D:1)
  2 quokkas
  3 ball pythons
  2 bats
  3 frilled lizards (D:2)
  A rat (D:1)
18 creatures vanquished.

Vanquished Creatures (others)
  A minotaur (D:1)
  A djinni (D:1)
  A troll (D:1)
  3 humans (D:1)
  A demigod (D:1)
  A tengu (D:1)
  2 ogres (D:1)
  A felid (D:1)
  A barachi (D:1)
  A mummy (D:1)
  2 orcs (D:1)
  45 foxfires
  4 tentacles (D:1)
64 creatures vanquished.

Grand Total: 82 creatures vanquished

Notes
Turn   | Place    | Note
-------+----------+-------------------------------------------
     0 | D:1      | hellfireifrit the Djinni Fire Elementalist began the quest
                  | for the Orb.
     0 | D:1      | Reached XP level 1. HP: 15/15 MP: 0/0
     2 | D:1      | Noticed a human
     2 | D:1      | Noticed a felid
     2 | D:1      | Noticed a tengu
     2 | D:1      | Noticed a demigod
     2 | D:1      | Noticed a djinni
     2 | D:1      | Noticed a human
     2 | D:1      | Noticed a kraken
     2 | D:1      | Noticed a troll
     2 | D:1      | Noticed a barachi
     2 | D:1      | Noticed a minotaur
     2 | D:1      | Noticed an ogre
     2 | D:1      | Noticed a human
     2 | D:1      | Noticed an ogre
     3 | D:1      | Killed a djinni
     5 | D:1      | Killed a troll
     8 | D:1      | Killed a tengu
     9 | D:1      | Killed a felid
     9 | D:1      | Killed a barachi
    10 | D:1      | Killed a human
    11 | D:1      | Killed a human
    12 | D:1      | Killed a demigod
    15 | D:1      | Killed a minotaur
    16 | D:1      | Killed an ogre
    18 | D:1      | Killed a human
    18 | D:1      | Killed an ogre
   229 | D:1      | Found Sisug's Book Shoppe.
   552 | D:1      | Found Xutemm's Book Emporium.
   575 | D:1      | Found Louril's Antique Weapon Shoppe.
   580 | D:1      | Found Nalot's Distillery.
   664 | D:1      | Found a faded altar of an unknown god.
   784 | D:1      | Became a worshipper of Makhleb the Destroyer
   784 | D:1      | Reached * piety under Makhleb
   963 | D:1      | Reached XP level 2. HP: 17/21 MP: 0/0
  1490 | D:2      | Reached skill level 3 in Spellcasting
  1490 | D:2      | Reached XP level 3. HP: 20/25 MP: 0/0
  1490 | D:2      | Learned a level 1 spell: Beastly Appendage
  2030 | D:2      | Frozen to death by an endoplasm

Illustrated notes

Levels and vault maps discovered:
D:1:      nicolae_arrival_kraken_aquarium_b, layout_basic, serial_shops,
          nicolae_shop_behind_doors, shop, shop, nicolae_shop_window_shopping,
          shapermc_ecumenical_altar_totnotflames
D:2:      layout_basic, serial_curves, eino_curves_01, eino_curves_01,
          eino_curves_02, eino_curves_03

Skill      XL: |  1  2 |
---------------+-------+-----
Spellcasting   | 3 |  3.2
Fighting       | |  0.1
Dodging        | |  2.3
Stealth        | |  1.7

Action                   || total
-------------------------++-------
Melee: Unarmed           ||    15
       Headbutt          ||     3
 Cast: Foxfire           ||    31
       Beastly Appendage ||     3
  Use: Scroll            ||     3
Armor: Robe              ||     2
Dodge: Dodged            ||    24
